 Dungeon Crawl Stone Soup version 0.32-a0-799-g95e1662365 (webtiles) character file.

Game seed: 14141425071866881070

106 ezpacito the Trooper (level 4, -7/35 HPs)
             Began as a Coglin Chaos Knight on Mar 21, 2024.
             Was a Plaything of Xom.
             Killed by nerve-wracking pain
             ... invoked by a shadow imp
             ... summoned by Xom
              (11 damage)
             ... on level 2 of the Dungeon.
             The game lasted 00:01:24 (1536 turns).

ezpacito the Trooper (Coglin Chaos Knight)          Turns: 1536, Time: 00:01:24

Health: -7/35      AC:  5    Str: 14    XL:     4   Next: 84%
Magic:  5/5        EV: 11    Int: 11    God:    Xom [......]
Gold:   176        SH:  0    Dex: 14    Spells: 4/4 levels left

rFire   . . .        a - +1 hand axe (chaos) {Therese}
rCold   . . .        k - +2 whip (elec) {Kiko}
rNeg    . . .        b - +2 leather armour
rPois   .            (no helmet)
rElec   .            (no cloak)
rCorr   .            (no gloves)
SInv    .            (no boots)
Will    .....        (amulet unavailable)
Stlth   +            (ring unavailable)
HPRegen 0.25/turn    (ring unavailable)
MPRegen 0.09/turn    (no gizmo)

%: no passive effects
@: revving
A: off-hand wielding, slow wielding, warmup strikes, no jewellery
a: Invent Gizmo, Renounce Religion


You were on level 2 of the Dungeon.
You worshipped Xom.
You were a very special plaything of Xom.
You visited 1 branch of the dungeon, and saw 2 of its levels.

You collected 176 gold pieces.

Inventory:

Hand Weapons
 a - a +1 hand axe of chaos (weapon) {Therese}
 i - a +0 spear {Jinae}
 k - a +2 whip of electrocution (offhand) {Kiko}
Missiles
 c - 3 boomerangs
 d - 6 datura-tipped darts
 g - 5 poisoned darts (quivered)
Armour
 b - a +2 leather armour (worn)
Scrolls
 e - a scroll of identify {unknown}
 f - 3 scrolls of teleportation {unknown}
 l - a scroll of blinking {unknown}
Potions
 j - a potion of might {unknown}


   Skills:
 * Level 3.5 Fighting
 * Level 3.4(3.5) Axes
 + Level 0.8(2.1) Polearms
 * Level 2.3 Armour
 * Level 2.0 Dodging
 + Level 1.1 Stealth
 + Level 0.7 Spellcasting


You had 4 spell levels left.
You didn't know any spells.
Your spell library contained the following spells:

 Spells                   Type           Power      Damage    Failure   Level
 Apportation              Tloc           0%         N/A       38%         1
 Jinxbite                 Hex            0%         N/A       52%         2
 Hailstorm                Conj/Ice       0%         3d5       77%         3
 Summon Ice Beast         Ice/Summ       0%         N/A       77%         3
 Alistair's Intoxication  Alch           0%         N/A       100%        5
 Permafrost Eruption      Ice/Erth       0%         2x4d2     100%        6
 Sculpt Simulacrum        Ice/Alch       0%         N/A       100%        6


Dungeon Overview and Level Annotations

Branches:
Dungeon (2/15)

Altars:
Qazlal

Shops:
D:2 :


Innate Abilities, Weirdness & Mutations

You can wield a second weapon in your off-hand.
It takes a long time for you to wield or remove held weapons.
Your first few attacks do less damage.
You cannot equip rings or amulets.


Message History

There is an open door here.
Found a stone staircase leading down.
You open the door.
There is an open door here. "Let's see if it's strong enough to survive yet."
You hit the white imp with your +2 whip of electrocution.
Lightning courses through the white imp!
You kill the white imp!
The white imp disappears in a puff of smoke!
You barely miss the chaos spawn with your +0 hand axe of chaos.
You closely miss the shadow imp with your +0 hand axe of chaos.
You hit the chaos spawn with your +2 whip of electrocution.
The chaos spawn tentacle-slaps you but does no damage.
The shadow imp hits you.
You take 3 damage, and have 32/35 hp.
You hit the chaos spawn but do no damage.
The chaos spawn is lightly wounded.
You barely miss the chaos spawn with your +0 hand axe of chaos.
You hit the shadow imp with your +0 hand axe of chaos.
The shadow imp becomes as fragile as glass!
The chaos spawn releases spores at you.
You are engulfed in flames!
The shadow imp hits you but does no damage.
You are too injured to fight recklessly!
You take 16 damage, and have 16/35 hp.
MASSIVE DAMAGE!!
You are too injured to fight recklessly!
You are too injured to fight recklessly!
You are too injured to fight recklessly!
You are too injured to fight recklessly!
Okay, then.
Okay, then.
As you read the scroll labelled DOLUHA IFAAFIG, it crumbles to dust.
It is a scroll of enchant weapon.
Your +0 hand axe of chaos {Therese} glows red for a moment.
The chaos spawn trunk-slaps you.
You are engulfed in flames!
* * * LOW HITPOINT WARNING * * *
The shadow imp hits you but does no damage.
You take 12 damage, and have 4/35 hp.
MASSIVE DAMAGE!!
The shadow imp gestures at you. Pain shoots through your body!
You die...

#.##.###.##.##....###.###.#.#####
#.##..##.##..'............#......
#.###.##.#####....###.#.#.#.....#
.........# #....# #.#.#.#.###.#
##.###...########.###.#.#.#.# #.#
......................#.#.#.# #.#
#...#####..######.#####.#.#.# #..
....#....#.######4#.....#.#.# ###
#.#.#.#.........@5..###.#.#.# #..
#.#.#.#..#.######.#######.#.###.#
#.#.#.#..#...#............#.....#
#.#.#.#..###.#.##.###############
#.#.#.#..# #.#.##.# #........
#.#.#<..)# #.#.##.# #.#######
#.#.##...# #...##.# #.#
#.#.#....# ##..##.# #.#
#.#.##.#.####..##.## #.#


You could see a chaos spawn (summoned) and a shadow imp (summoned, vitrified).

Vanquished Creatures
  A howler monkey (D:2)
  A gnoll (D:1)
  An adder (D:2)
  2 dart slugs (D:2)
  3 ball pythons (D:1)
  5 bats
  4 endoplasms (D:1)
  A giant cockroach (D:2)
  5 hobgoblins
  2 jackals (D:2)
  2 kobolds (D:1)
  A quokka (D:2)
  3 frilled lizards
  5 goblins
  7 rats
43 creatures vanquished.

Notes
Turn   | Place    | Note
-------+----------+-------------------------------------------
     0 | D:1      | ezpacito the Coglin Chaos Knight began the quest for the
                  | Orb.
     0 | D:1      | Reached XP level 1. HP: 18/18 MP: 1/1
    44 | D:1      | Reached skill level 1 in Dodging
   129 | D:1      | XOM: divination: detect creatures
   133 | D:1      | Reached XP level 2. HP: 24/24 MP: 2/2
   190 | D:1      | XOM: silly message
   321 | D:1      | XOM: silly message
   354 | D:1      | XOM: divination: magic mapping
   357 | D:1      | Reached XP level 3. HP: 21/29 MP: 3/3
   417 | D:1      | XOM: divination: detect creatures
   674 | D:1      | XOM: divination: detect items
   791 | D:1      | XOM: summons 1 hostile demon
   792 | D:1      | Noticed a hellwing
   807 | D:2      | XOM: noise
   877 | D:2      | Noticed Jessica
   880 | D:2      | Jessica changed into Jessica the howler monkey
   880 | D:2      | Noticed Jessica
   880 | D:2      | XOM: polymorph Jessica -> Jessica the howler monkey
   885 | D:2      | Killed Jessica the howler monkey
   886 | D:2      | Reached XP level 4. HP: 26/35 MP: 4/4
   898 | D:2      | Found a stormy altar of Qazlal.
   962 | D:2      | Reached skill level 1 in Stealth
   998 | D:2      | XOM: summons 3 hostile demons
  1028 | D:2      | XOM: noise
  1102 | D:2      | Found Kahameh's Book Shop.
  1311 | D:2      | XOM: god gift: 41 gold pieces
  1531 | D:2      | XOM: summons 3 hostile demons
  1532 | D:2      | Noticed a chaos spawn
  1536 | D:2      | Killed from afar by a shadow imp

Illustrated notes

Levels and vault maps discovered:
D:1:      dpeg_arrival_renting, layout_loops_ring, minmay_stone_trees_medium,
          st_stairs_13
D:2:      layout_basic, basic_altar, serial_shops, shop, uniq_jessica

Skill      XL: |  1  2  3  4 |
---------------+-------------+-----
Dodging        | 1 2 |  2.0
Armour         | 2 |  2.3
Stealth        | 1 |  1.1
Fighting       | |  3.5
Axes           | |  3.4
Polearms       | |  0.8
Spellcasting   | |  0.7

Action                     |  1- 3 |  4- 6 || total
---------------------------+-------+-------++-------
  Melee: Dagger            |    32 |       ||    32
         Hand axe          |    50 |    31 ||    81
         Spear             |    28 |    29 ||    57
         Whip              |       |    10 ||    10
    Use: Scroll            |     1 |     1 ||     2
   Stab: Sleeping          |     1 |     1 ||     2
 Armour: Leather armour    |    23 |    20 ||    43
  Dodge: Dodged            |    37 |    14 ||    51

Table legend: (Time is in decaauts)
 A = Elapsed time spent in this place.
 B = Non-inter-level travel time spent in this place.
 C = Inter-level travel time spent in this place.
 D = Time resting spent in this place.
 E = Time spent auto-exploring this place.
 F = Levels seen in this place.
 G = Mean time per level.
                   A        B        C        D        E       F      G
               +--------+--------+--------+--------+--------+-----+--------+
         Total |   1542 |   1542 |      0 |      4 |   1238 |   2 |  771.0 |
       Dungeon |   1542 |   1542 |      0 |      4 |   1238 |   2 |  771.0 |
               +--------+--------+--------+--------+--------+-----+--------+

Top non-repeatable levels by time:
     D:1: 811 daAuts
     D:2: 731 daAuts
